 Seeded DCSS version 0.27.1-2-g3b301248ec (webtiles) character file.

Game seed: 17979796883088392625 (custom seed)

83 babuloseo the Ducker (level 4, -11/37 HPs)
             Began as a Human Monk on Sept 26, 2021.
             Was a Plaything of Xom.
             Blown up by Ijyb (14 damage)
             ... with a mindburst bolt
             ... on level 3 of the Dungeon.
             The game lasted 00:03:08 (1409 turns).

babuloseo the Ducker (Human Monk)                   Turns: 1409, Time: 00:03:09

Health: -11/37     AC:  2    Str: 10 (11) XL:     4   Next: 71%
Magic:  4/4        EV: 13    Int: 10      God:    Xom [..*...]
Gold:   66         SH:  0    Dex: 15      Spells: 3/3 levels left

rFire    . . .     SeeInvis .   f - staff of conjuration
rCold    + . .     Faith    .   (no shield)
rNeg     . . .     Spirit   .   b - +0 robe
rPois    .         Reflect  .   (no helmet)
rElec    .         Harm     .   (no cloak)
rCorr    .         Rampage  .   (no gloves)
Will     .....                  (no boots)
Stlth    ++........             c - amulet of regeneration
HPRegen  1.12/turn              j - +4 ring of slaying
MPRegen  0.09/turn              (no ring)

@: very slightly contaminated, invisible
A: cold resistance 1, deterioration 1, weak 1
a: Renounce Religion


You were on level 3 of the Dungeon.
You worshipped Xom.
You were a toy of Xom.
You visited 1 branch of the dungeon, and saw 3 of its levels.

You collected 66 gold pieces.

Inventory:

Hand Weapons
 a - a +0 spear
Armour
 b - a +0 robe (worn)
Magical Staves
 f - a staff of conjuration (weapon)
Jewellery
 c - an amulet of regeneration (around neck)
 j - a +4 ring of slaying (left hand)
Scrolls
 h - a scroll of enchant armour {unknown}
 i - a scroll of magic mapping {unknown}
Potions
 d - a potion of curing
 g - a potion of berserk rage {unknown}


   Skills:
 + Level 3.6 Fighting
 - Level 3.0(3.3) Polearms
 * Level 2.1(2.9) Staves
 + Level 3.9 Dodging
 - Level 2.0 Stealth


You had 3 spell levels left.
You didn't know any spells.
Your spell library contained the following spells:

 Spells                   Type           Power      Damage    Failure   Level
 Static Discharge         Conj/Air       0%         N/A       50%         2
 Dispel Undead            Necr           0%         3d6       98%         4
 Sticky Flame             Conj/Fire      0%         2d3       98%         4


Dungeon Overview and Level Annotations

Branches:
Dungeon (3/15)

Altars:
Xom

Shops:
D:3 (:

Annotations:
D:3 Ijyb


Innate Abilities, Weirdness & Mutations

Your flesh is cold resistant. (rC+)
Your body sometimes deteriorates upon taking damage.
You are weak. (Str -2)


Message History

Found Boshruss's Antique Weapon Emporium.
There is an open door here.
There is an entrance to Boshruss's Antique Weapon Emporium here.
You open the door.
There is an open door here.
Ijyb the Twisted Goblin comes into view.
She is wielding a +0 club and carrying a wand of mindburst (13).
Ijyb shouts!
Ijyb zaps a wand.
You barely resist.
You aren't carrying any items that you can evoke without wielding.
Okay, then.
You fade into invisibility!
You are very lightly contaminated with residual magic.
Ijyb zaps a wand.
You barely resist. You barely miss Ijyb. Ijyb hits you with a +0 club.
You hit Ijyb but do no damage. Ijyb misses you.
You hit Ijyb.
Ijyb is lightly wounded.
Ijyb zaps a wand.
Your mind is blasted!
Ouch! That really hurt!
* * * LOW HITPOINT WARNING * * *
Xom is highly amused!
You are too injured to fight recklessly!
You hit Ijyb.
Ijyb is moderately wounded.
Ijyb hits you with a +0 club.
* * * LOW HITPOINT WARNING * * *
You strike the helpless Ijyb from behind!
You hit Ijyb.
Ijyb is moderately wounded.
Ijyb closely misses you.
Unknown command.
You hit Ijyb but do no damage.
Ijyb is moderately wounded.
Ijyb hits you with a +0 club.
* * * LOW HITPOINT WARNING * * *
You hit Ijyb but do no damage.
Ijyb is moderately wounded.
Ijyb zaps a wand.
Your mind is blasted!
You die...
Xom is highly amused!

#......#####....#.# ..
###....).#..<#........
#....#.#####..###...
#....#........# ...
#....########.# ..
#....#####....# ##
#..........# ##
#....####### #..@.#
#.g.## #...# #...#
#...# #...# #...#
#...#


You could see Ijyb.

Vanquished Creatures
  An iguana (D:2)
  An adder (D:2)
  A dart slug (D:1)
  3 ball pythons (D:1)
  3 bats
  3 endoplasms
  2 giant cockroaches
  10 goblins
  2 hobgoblins (D:1)
  2 jackals (D:1)
  6 frilled lizards
  4 kobolds
  6 rats (D:1)
44 creatures vanquished.

Notes
Turn   | Place    | Note
-------+----------+-------------------------------------------
     0 | D:1      | babuloseo the Human Monk began the quest for the Orb.
     0 | D:1      | Reached XP level 1. HP: 18/18 MP: 1/1
    82 | D:2      | Found a faded altar of an unknown god.
    90 | D:2      | Became a worshipper of Xom the Less-Predictable
   165 | D:2      | Noticed an iguana
   202 | D:2      | Killed an iguana
   203 | D:2      | Reached skill level 1 in Staves
   203 | D:2      | Reached XP level 2. HP: 12/24 MP: 2/2
   203 | D:2      | Reached XP level 3. HP: 14/29 MP: 3/3
   475 | D:2      | XOM: silly message
   602 | D:1      | XOM: divination: magic mapping
   608 | D:1      | Reached XP level 4. HP: 31/35 MP: 4/4
  1013 | D:1      | XOM: silly message
  1242 | D:3      | XOM: give mutations
  1242 | D:3      | Gained mutation: Your body sometimes deteriorates upon
                  | taking damage. [Xom's mischief]
  1242 | D:3      | Gained mutation: Your flesh is cold resistant. (rC+) [Xom's
                  | mischief]
  1242 | D:3      | Gained mutation: You are weak. (Str -2) [Xom's mischief]
  1288 | D:3      | Found Naoreuss's Book Shoppe.
  1382 | D:3      | Found Boshruss's Antique Weapon Emporium.
  1396 | D:3      | Noticed Ijyb
  1409 | D:3      | Blown up by Ijyb

Illustrated notes

Levels and vault maps discovered:
D:1:      minmay_arrival_cross, layout_loops_ring
D:2:      layout_rooms, shapermc_ecumenical_altar_venn
D:3:      layout_basic, serial_shops, shop, nicolae_shop_behind_doors, shop,
          shop, uniq_ijyb

Skill      XL: |  1  2  3  4 |
---------------+-------------+-----
Staves         | 1 2 |  2.1
Fighting       | |  3.6
Polearms       | |  3.0
Dodging        | |  3.9
Stealth        | |  2.0

Action                   |  1- 3 |  4- 6 || total
-------------------------+-------+-------++-------
Melee: Spear             |    55 |       ||    55
       Staff             |    13 |   146 ||   159
  Use: Potion            |     2 |     1 ||     3
 Stab: Invisible         |     2 |     1 ||     3
       Sleeping          |     1 |     4 ||     5
       Distracted        |       |     1 ||     1
Armor: Robe              |     4 |    19 ||    23
Dodge: Dodged            |    38 |   119 ||   157
